 Dungeon Crawl Stone Soup version 0.28-a0-724-g66f9036eb4 (webtiles) character file.

Game seed: 6617551277838239800

2517 HoaS the Cruncher (level 9, -5/48 HPs)
             Began as a Gargoyle Gladiator on Oct 24, 2021.
             Killed by mirror damage (7 damage)
             ... on level 5 of the Dungeon on Oct 26, 2021.
             The game lasted 00:15:23 (6079 turns).

HoaS the Cruncher (Gargoyle Gladiator)              Turns: 6079, Time: 00:15:23

Health: -5/48      AC: 19    Str: 19    XL:     9   Next: 54%
Magic:  0/9        EV: 10    Int: 10    God:
Gold:   418        SH:  0    Dex: 12    Spells: 8/8 levels left

rFire   + . .      SeeInvis .   w - +0 lajatang
rCold   . . .      Faith    .   (shield currently unavailable)
rNeg    + . .      Spirit   +   p - +3 scale mail {rF+}
rPois   ∞          Reflect  .   c - +0 helmet
rElec   +          Harm     .   n - +1 cloak
rCorr   .          Rampage  .   (no gloves)
Will    +....                   x - +0 pair of boots
Stlth   ..........              h - amulet of guardian spirit
HPRegen 0.16/turn               a - ring of willpower
MPRegen 0.11/turn               (no ring)

@: no status effects
A: sickness immunity, AC +6, negative energy resistance 1, electricity
resistance, torment resistance 1, petrification resistance
a: no special abilities


You were on level 5 of the Dungeon.
You visited 1 branch of the dungeon, and saw 6 of its levels.
You also visited: Sewer.

You collected 418 gold pieces.

Inventory:

Hand Weapons
 e - a +0 shortbow
 q - a +0 quarterstaff
 w - a +0 lajatang (weapon)
Missiles
 f - a javelin (quivered)
 r - 4 curare-tipped darts
 s - 4 atropa-tipped darts
 u - 3 boomerangs
 v - 75 arrows
 y - 17 bolts
Armour
 c - a +0 helmet (worn)
 n - a +1 cloak (worn)
 p - a +3 scale mail of fire resistance (worn)
 x - a +0 pair of boots (worn)
Jewellery
 a - a ring of willpower (left hand)
 h - an amulet of guardian spirit (around neck)
Wands
 b - a wand of iceblast (9)
 k - a wand of charming (12)
 m - a wand of digging (7)
 o - a wand of mindburst (12)
Scrolls
 t - 2 scrolls of identify
Potions
 i - a potion of mutation {unknown}
 l - 2 potions of curing


   Skills:
 - Level 2.1 Fighting
 * Level 12.7 Staves
 - Level 2.0 Bows
 - Level 1.7 Throwing
 - Level 2.4 Dodging


You had 8 spell levels left.
You didn't know any spells.
Your spell library contained the following spells:

 Spells                   Type           Power      Damage    Failure   Level
 Scorch                   Fire           0%         2d5       88%         2
 Slow                     Hex            0%         N/A       88%         2
 Confusing Touch          Hex            0%         N/A       98%         3
 Dazzling Flash           Conj/Hex       0%         N/A       98%         3
 Vampiric Draining        Necr           0%         2d6       98%         3
 Flame Wave               Conj/Fire      0%         3d3       100%        4
 Borgnjor's Vile Clutch   Necr/Erth      0%         N/A       100%        5
 Silence                  Hex/Air        0%         N/A       100%        5
 Summon Cactus Giant      Summ           0%         N/A       100%        6


Dungeon Overview and Level Annotations

Branches:
Dungeon (6/15)              Sewer (visited)
 Temple: D:4-7

Altars:
Dithmenos
Fedhas
The Shining One


Innate Abilities, Weirdness & Mutations

You are immune to sickness and miasma.
Your stone body is resilient. (AC +6)
You are immune to poison.
You resist negative energy. (rN+)
You are resistant to electric shocks. (rElec)
You are resistant to unholy torment.
You are immune to petrification.


Message History

The death knight struggles against the net.
You slice the death knight!!
The death knight is heavily wounded.
The death knight struggles against the net.
You strike the helpless death knight from behind!
You slash the death knight!
The death knight is severely wounded.
The death knight struggles against the net.
The net rips apart, and the death knight comes free!
You hit the death knight but do no damage.
The death knight is severely wounded.
The death knight completely misses you.
You hit the death knight but do no damage.
The death knight is severely wounded.
You throw a throwing net.
The throwing net closely misses the death knight.
The death knight hits you with a +1 vorpal great sword!
You are too injured to fight recklessly!
Throw: throwing net
Press: ? - help, Shift-Dir - straight line, f/p - death knight
Aim: a death knight, wielding a +1 vorpal great sword and wearing a +0 chain mail (severely wounded, 57% to hit)
You throw a throwing net. The throwing net hits the death knight.
The death knight is caught in the net!
The death knight is severely wounded.
The death knight offers itself to Yredelemnul, and fills with unholy energy.
The death knight struggles against the net.
You slash the death knight!
The death knight is severely wounded.
The death knight reflects your damage back at you!
* * * LOW HITPOINT WARNING * * *
You strike the helpless death knight from behind!
You slash the death knight!
The death knight is almost dead.
The death knight reflects your damage back at you!
* * * LOW HITPOINT WARNING * * *
The death knight struggles against the net.
You slash the death knight!
You kill the death knight!
Your damage is reflected back at you!
You die...

#...##....##..#..........
#..>......##..##.###.###.
######.........##..##.###.###.
#..............+.......'......
#..###....#+#####......#......
#..............##......#......
#..#######.....##.....##..##..
#..#.....#.....##.....##..##..
#..#..(..'..)@.##.....######..
##.#.....#.######.....'....#..
#.#.....#............#....#..
#.#######.....##..##.#######.
#.............##..##.#### ##
#####...#.....#.........#
#..(#.....'.........#
#####################


There were no monsters in sight!

Vanquished Creatures
  A death knight (D:5)
  A phantasmal warrior (D:6)
  A manticore (D:6)
  A freezing wraith (D:6)
  2 water moccasins
  Duvessa (D:6)
  A sky beast (D:6)
  A centaur (D:5)
  A necrophage (D:5)
  4 ogres
  A wyvern zombie (D:5)
  Dowan (D:6)
  A jelly (D:4)
  Crazy Yiuf (D:2)
  A bullfrog skeleton (D:4)
  A hound (D:4)
  Ijyb (D:3)
  Jessica (D:2)
  3 iguanas
  Natasha (twice) (D:2)
  7 adders
  An adder skeleton (D:4)
  2 worms
  A dart slug (D:1)
  5 orcs
  14 bats
  6 endoplasms
  A giant cockroach (D:2)
  9 hobgoblins
  5 jackals
  2 quokkas
  6 ball pythons
  2 frilled lizards
  4 goblins
  2 kobolds
  8 rats
102 creatures vanquished.

Vanquished Creatures (others)
  2 fungi (D:2)
2 creatures vanquished.

Grand Total: 104 creatures vanquished

Notes
Turn   | Place    | Note
-------+----------+-------------------------------------------
     0 | D:1      | HoaS the Gargoyle Gladiator began the quest for the Orb.
     0 | D:1      | Reached XP level 1. HP: 12/12 MP: 1/1
   129 | D:1      | Found a faded altar of an unknown god.
   306 | D:1      | Reached XP level 2. HP: 14/17 MP: 2/2
   904 | D:2      | Reached skill level 4 in Staves
   949 | D:2      | Reached XP level 3. HP: 19/21 MP: 3/3
   949 | D:2      | Noticed Jessica
   961 | D:2      | Killed Jessica
  1184 | D:2      | Reached XP level 4. HP: 20/26 MP: 4/4
  1400 | D:2      | Noticed Natasha
  1411 | D:2      | Killed Natasha
  1412 | D:2      | Reached skill level 5 in Staves
  1828 | D:2      | Found a blossoming altar of Fedhas.
  1857 | D:2      | Noticed Natasha
  1862 | D:2      | Killed Natasha
  1863 | D:2      | Reached XP level 5. HP: 25/30 MP: 3/5
  2027 | D:2      | Found a runed translucent door.
  2028 | D:2      | Noticed Crazy Yiuf
  2041 | D:2      | Killed Crazy Yiuf
  2303 | D:3      | Upgraded the game from 0.28-a0-706-gf6f64a616a to
                  | 0.28-a0-724-g66f9036eb4
  2346 | D:3      | Reached skill level 6 in Staves
  2350 | D:3      | Found a glowing drain.
  2421 | Sewer    | Entered a sewer
  2474 | Sewer    | Noticed a water moccasin
  2486 | Sewer    | Killed a water moccasin
  2487 | Sewer    | Reached XP level 6. HP: 23/35 MP: 4/6
  2678 | D:3      | Noticed Ijyb
  2686 | D:3      | Killed Ijyb
  2687 | D:3      | Reached skill level 7 in Staves
  3028 | D:3      | Found a shadowy altar of Dithmenos.
  3222 | D:3      | Got the Volume of the Aged Orbs
  3277 | D:4      | Identified the +5 trident of the Onslaught {vorpal, rPois
                  | rC+}
  3326 | D:4      | Reached XP level 7. HP: 21/40 MP: 3/7
  3700 | D:4      | Reached skill level 8 in Staves
  4062 | D:4      | Reached skill level 9 in Staves
  4186 | D:4      | Found a glowing golden altar of the Shining One.
  4291 | D:5      | Entered Level 5 of the Dungeon
  4540 | D:5      | Reached XP level 8. HP: 31/44 MP: 6/8
  4732 | D:5      | Reached skill level 10 in Staves
  5268 | D:6      | Reached skill level 1 in Bows
  5510 | D:6      | Noticed Dowan
  5511 | D:6      | Noticed Duvessa
  5528 | D:6      | Killed Duvessa
  5532 | D:6      | Killed Dowan
  5608 | D:6      | Noticed a manticore
  5614 | D:6      | Killed a manticore
  5615 | D:6      | Reached skill level 11 in Staves
  5615 | D:6      | Reached XP level 9. HP: 27/48 MP: 5/9
  5817 | D:6      | Noticed a phantasmal warrior
  5818 | D:6      | Noticed a freezing wraith
  5833 | D:6      | Killed a freezing wraith
  5834 | D:6      | Reached skill level 12 in Staves
  5840 | D:6      | Killed a phantasmal warrior
  6045 | D:6      | Noticed a death knight
  6045 | D:6      | Noticed a freezing wraith
  6062 | D:6      | Noticed a freezing wraith
  6078 | D:5      | HP: 2/48 [mirror damage (8)]
  6079 | D:5      | Killed a death knight
  6079 | D:5      | Killed by mirror damage

Illustrated notes

Levels and vault maps discovered:
D:1:      dpeg_arrival_three_same_balls, layout_loops_ring,
          hellmonk_ecumenical_altar_leap_of_faith, minmay_crystal_water,
          serial_park_tiny_1
D:2:      layout_basic, basic_altar, uniq_natasha, uniq_crazy_yiuf_cottage,
          uniq_jessica
D:3:      layout_loops_ring, nicolae_dithmenos_the_darkroom,
          portal_sewer_entry_a, uniq_ijyb
D:4:      layout_loops_ring, kennysheep_mini_moat
D:5:      layout_gridville, nrook_mini_vaults
D:6:      layout_loops_ring, uniq_duvessa

Skill      XL: |  1  2  3  4  5  6  7  8  9 |
---------------+----------------------------+-----
Staves         | 4 5 6 7 9 11 12 | 12.7
Bows           | 2 |  2.0
Fighting       | |  2.1
Throwing       | |  1.7
Dodging        | |  2.4

Action                   |  1- 3 |  4- 6 |  7- 9 || total
-------------------------+-------+-------+-------++-------
Melee: Quarterstaff      |    70 |   140 |    66 ||   276
       Lajatang          |       |       |   129 ||   129
Throw: Throwing net      |       |     6 |     4 ||    10
       Dart              |       |     1 |     7 ||     8
       Javelin           |       |       |     4 ||     4
Evoke: Wand              |       |       |     5 ||     5
  Use: Scroll            |       |     7 |     5 ||    12
       Potion            |       |     1 |     2 ||     3
 Stab: Distracted        |       |     1 |       ||     1
       Held in net/web   |       |       |     2 ||     2
Armor: Leather armour    |    29 |    65 |       ||    94
       Scale mail        |       |    15 |    86 ||   101
Dodge: Dodged            |    56 |   101 |    80 ||   237

Table legend: (Time is in decaauts)
 A = Elapsed time spent in this place.
 B = Non-inter-level travel time spent in this place.
 C = Inter-level travel time spent in this place.
 D = Time resting spent in this place.
 E = Time spent auto-exploring this place.
 F = Levels seen in this place.
 G = Mean time per level.
                   A        B        C        D        E       F      G
               +--------+--------+--------+--------+--------+-----+--------+
         Total |   6080 |   5768 |    312 |   1994 |   2813 |   7 |  868.6 |
       Dungeon |   5866 |   5554 |    312 |   1893 |   2761 |   6 |  977.7 |
         Sewer |    213 |    213 |      0 |    101 |     52 |   1 |  213.0 |
               +--------+--------+--------+--------+--------+-----+--------+

Top non-repeatable levels by time:
     D:2: 1447 daAuts
     D:5: 965 daAuts
     D:4: 949 daAuts
     D:1: 880 daAuts
     D:3: 827 daAuts
     D:6: 796 daAuts
   Sewer: 213 daAuts
